 Dungeon Crawl Stone Soup version 0.27-a0-1308-gc08437e49b (webtiles) character file.

Game seed: 17668394210158416240

37 flotson the Sneak (level 3, 0/29 HPs)
             Began as a Demonspawn Delver on June 19, 2021.
             Succumbed to a scorpion's poison
             ... on level 4 of the Dungeon.
             The game lasted 00:06:26 (1419 turns).

flotson the Sneak (Demonspawn Delver)               Turns: 1419, Time: 00:06:27

Health: 0/29       AC:  3    Str: 13    XL:     3   Next: 23%
Magic:  3/3        EV: 12    Int: 11    God:
Gold:   47         SH:  0    Dex: 14    Spells: 2/2 levels left

rFire    . . .     SeeInvis .   a - +2 war axe (flame)
rCold    . . .     Faith    .   (no shield)
rNeg     . . .     Spirit   .   b - +0 leather armour
rPois    .         Reflect  .   (helmet restricted)
rElec    .         Harm     .   (no cloak)
rCorr    .         Rampage  .   (no gloves)
Will     .....                  (no boots)
Stlth    ++........             (no amulet)
HPRegen  0.09/turn              (no ring)
MPRegen  0.08/turn              (no ring)

@: lethally poisoned (0 -> -3)
A: horns 2
a: no special abilities


You were on level 4 of the Dungeon.
You visited 1 branch of the dungeon, and saw 3 of its levels.

You collected 47 gold pieces.

Inventory:

Hand Weapons
 a - a +2 war axe of flaming (weapon)
Missiles
 h - 19 poisoned darts (quivered)
Armour
 b - a +0 leather armour (worn)
Wands
 g - a wand of digging (1)
Scrolls
 c - a scroll of fog


   Skills:
 + Level 3.2 Fighting
 * Level 2.2 Axes
 + Level 1.0 Throwing
 + Level 1.0 Armour
 + Level 2.1 Dodging
 - Level 4.5 Stealth
 + Level 0.4 Evocations


You had 2 spell levels left.
You didn't know any spells.
Your spell library contained the following spells:

 Spells                   Type           Power      Damage    Failure   Level
 Magic Dart               Conj           0%         1d3       41%         1
 Searing Ray              Conj           0%         3d3       56%         2
 Dazzling Flash           Conj/Hex       0%         N/A       80%         3
 Fulminant Prism          Conj/Hex       0%         3d6       99%         4
 Iskenderun's Mystic Bla  Conj/Tloc      0%         2d3       99%         4


Dungeon Overview and Level Annotations

Branches:
Dungeon (5/15)
 Temple: D:4-7

Altars:
Trog

Annotations:
D:3 Edmund
D:5 3 runed translucent doors


Innate Abilities, Weirdness & Mutations

You have a pair of horns on your head.


Message History

You convulse.
* * * LOW HITPOINT WARNING * * *
You see here 21 arrows.
There is a stone staircase leading down here.
You see here 21 arrows.
Edmund grinds his teeth, and then sighs.
Edmund barely misses you.
There is a stone staircase leading down here.
Edmund says, "I might not be good at magic, but I can still kill you!"
There is a stone staircase leading down here.
You climb downwards.
There is a stone staircase leading up here.
A scorpion is nearby!
There is a stone staircase leading up here.
There is an open door here.
There is a stone staircase leading down here.
The scorpion stings you. The scorpion stings you.
There is an open door here.
As you read the scroll labelled FUSHRU COEM, it crumbles to dust.
The creatures around you are filled with an inner flame!
It was a scroll of immolation.
The scorpion stings you.
You are poisoned.
The scorpion poisons you!
As you read the scroll labelled FAVIURGH LUEKO, it crumbles to dust.
It is a scroll of identify.
You don't have any unidentified items.
You feel very sick. The scorpion stings you.
* * * LOW HITPOINT WARNING * * *
* * * LOW HITPOINT WARNING * * *
You feel sick.
* * * LOW HITPOINT WARNING * * *
You feel sick. The scorpion barely misses you.
* * * LOW HITPOINT WARNING * * *
You feel sick.
You hit the scorpion.
Flame seeps out of the scorpion.
You burn the scorpion.
Flame seeps out of the scorpion.
The scorpion is moderately wounded.
You die...

#....# #####....#
#........# #####
#####.....#### #...#
#...#.....# #...#
#.8.......####### #...#
#..⌠............#
#...####.8.............#
###..........'.s@........+
.......#######...........#
.......############......#
....>...........# #......#
.......##.#####. #......#
.......##.#### ....####
####.####....# .....#
#.......#.# ......#
#.###...# # ........


You could see a scorpion (inner flame).

Vanquished Creatures
  2 adders
  2 dart slugs (D:3)
  A ball python (D:3)
  A bat (D:3)
  2 endoplasms
  2 giant cockroaches
  A jackal (D:4)
  A quokka (D:3)
  A ball python skeleton (D:3)
  A rat (D:3)
14 creatures vanquished.

Vanquished Creatures (collateral kills)
  2 orcs (D:3)
2 creatures vanquished.

Vanquished Creatures (others)
  An adder (D:3)
1 creature vanquished.

Grand Total: 17 creatures vanquished

Notes
Turn   | Place    | Note
-------+----------+-------------------------------------------
     0 | D:5      | flotson the Demonspawn Delver began the quest for the Orb.
     0 | D:5      | Reached XP level 1. HP: 18/18 MP: 1/1
     1 | D:5      | Found a bloodstained altar of Trog.
     1 | D:5      | Noticed a black bear
     1 | D:5      | Noticed a black bear
     4 | D:5      | Found a runed translucent gate.
     4 | D:5      | Found a runed translucent gate.
     4 | D:5      | Found a runed translucent gate.
    11 | D:5      | Noticed an orc priest
    15 | D:5      | Noticed a scorpion
    26 | D:4      | Noticed a scorpion
   213 | D:4      | Gained mutation: You have a pair of small horns on your
                  | head. [demonic ancestry]
   213 | D:4      | Reached XP level 2. HP: 22/24 MP: 2/2
   493 | D:3      | Gained mutation: You have a pair of horns on your head.
                  | [demonic ancestry]
   493 | D:3      | Reached XP level 3. HP: 3/29 MP: 3/3
   494 | D:3      | HP: 1/29 [poisoned by an adder]
   843 | D:3      | Noticed a centaur
  1072 | D:3      | Reached skill level 1 in Throwing
  1076 | D:3      | Reached skill level 1 in Armour
  1106 | D:3      | You fall into a shaft and drop 2 floors!
  1120 | D:5      | Noticed Edmund
  1418 | D:4      | HP: 1/29 [poisoned by a scorpion]
  1419 | D:4      | Succumbed to a scorpion's poison

Illustrated notes

Levels and vault maps discovered:
D:3:      layout_loops_ring, grunt_ministairs_6, minmay_increasing_density,
          uniq_sigmund, uniq_ijyb
D:4:      layout_basic, hangedman_feature_mirror, uniq_duvessa
D:5:      layout_rooms, trog_ov_bears_minmay, gammafunk_ghost_cemetery,
          uniq_edmund, uniq_eustachio, uniq_menkaure

Skill      XL: |  1  2  3 |
---------------+----------+-----
Axes           | 2 |  2.2
Dodging        | 2 |  2.1
Throwing       | 1 |  1.0
Armour         | 1 |  1.0
Fighting       | |  3.2
Stealth        | |  4.5
Evocations     | |  0.4

Action                   || total
-------------------------++-------
Melee: Hand axe          ||    38
       Scythe            ||     4
       Headbutt          ||     4
       War axe           ||     7
Throw: Dart              ||     4
Evoke: Wand              ||     8
  Use: Scroll            ||     6
       Potion            ||     1
 Stab: Sleeping          ||     4
Armor: Leather armour    ||    24
Dodge: Dodged            ||    64

Table legend: (Time is in decaauts)
 A = Elapsed time spent in this place.
 B = Non-inter-level travel time spent in this place.
 C = Inter-level travel time spent in this place.
 D = Time resting spent in this place.
 E = Time spent auto-exploring this place.
 F = Levels seen in this place.
 G = Mean time per level.
                   A        B        C        D        E       F      G
               +--------+--------+--------+--------+--------+-----+--------+
         Total |   1415 |   1402 |     13 |    621 |    279 |   3 |  471.7 |
       Dungeon |   1415 |   1402 |     13 |    621 |    279 |   3 |  471.7 |
               +--------+--------+--------+--------+--------+-----+--------+

Top non-repeatable levels by time:
     D:3: 983 daAuts
     D:4: 387 daAuts
     D:5: 45 daAuts
